 Dungeon Crawl Stone Soup version 0.31-a0-174-g85c54bcb58 (webtiles) character file.

Game seed: 10427578461731528528

18 Dittersdorf the Covered (level 2, -2/19 HPs)
             Began as a Gargoyle Fighter on June 15, 2023.
             Killed from afar by a dart slug (3 damage)
             ... with a slug dart
             ... on level 1 of the Dungeon.
             The game lasted 00:00:26 (429 turns).

Dittersdorf the Covered (Gargoyle Fighter)           Turns: 429, Time: 00:00:27

Health: -2/19      AC:  9    Str: 19    XL:     2   Next: 70%
Magic:  2/2        EV:  6    Int:  8    God:
Gold:   28         SH: 11    Dex:  9    Spells: 1/1 levels left

rFire   . . .        a - +0 flail
rCold   . . .        f - +0 tower shield
rNeg    + . .        b - +0 scale mail
rPois   ∞            (no helmet)
rElec   +            (no cloak)
rCorr   .            (no gloves)
SInv    .            (no boots)
Will    .....        (no amulet) Stlth
                     (no ring)
HPRegen 0.23/turn    (no ring)
MPRegen 0.08/turn

%: no passive effects
@: no status effects
A: sickness immunity, AC +2, negative energy resistance 1, electricity
resistance, torment resistance 1, petrification resistance
a: no special abilities


You were on level 1 of the Dungeon.
You visited 1 branch of the dungeon, and saw 1 of its levels.

You collected 28 gold pieces.

Inventory:

Hand Weapons
 a - a +0 flail (weapon)
Armour
 b - a +0 scale mail (worn)
 f - a +0 tower shield (worn)
Scrolls
 c - a scroll of silence {unknown}
Potions
 d - a potion of might
 e - a potion of berserk rage {unknown}
 g - a potion of heal wounds {unknown}
 h - a potion of cancellation {unknown}


   Skills:
 + Level 3.5 Fighting
 + Level 2.3 Maces & Flails
 + Level 3.5 Armour
 + Level 3.5 Shields


You had one spell level left.
You didn't know any spells.
Your spell library was empty.

Dungeon Overview and Level Annotations

Branches:
Dungeon (1/15)

Altars:


Innate Abilities, Weirdness & Mutations

You are immune to sickness and miasma.
Your stone body is resilient. (AC +2)
You are immune to poison.
You resist negative energy. (rN+)
You are resistant to electric shocks. (rElec)
You are resistant to unholy torment.
You are immune to petrification.


Message History

You hit the endoplasm.
The endoplasm is lightly wounded.
The dart slug launches a dart at you. The slug dart hits you.
The rat bites you but does no damage.
The endoplasm hits you but does no damage.
The dart slug launches a dart at you.
The slug dart hits you but does no damage.
You hit the endoplasm but do no damage.
The endoplasm is lightly wounded.
The rat bites you but does no damage. The endoplasm freezes you.
You are frozen.
The kobold hits you with a +0 whip. x2
The endoplasm freezes you.
You are frozen.
* * * LOW HITPOINT WARNING * * *
You block the rat's attack.
You are too injured to fight recklessly!
You are too injured to fight recklessly!
You are too injured to fight recklessly!
You are too injured to fight recklessly!
You are too injured to fight recklessly!
You are too injured to fight recklessly!
You are too injured to fight recklessly!
You are too injured to fight recklessly!
You are too injured to fight recklessly!
You are too injured to fight recklessly!
You are too injured to fight recklessly!
You are too injured to fight recklessly!
You are too injured to fight recklessly!
You are too injured to fight recklessly!
You are too injured to fight recklessly!
You are too injured to fight recklessly!
You are too injured to fight recklessly!
You are too injured to fight recklessly!
You are too injured to fight recklessly!
You block the endoplasm's attack. The rat attacks as you move away!
You block the rat's attack. The dart slug launches a dart at you.
The slug dart hits you.
You die...

##.###.....................#.###
#..###..##.....................#
.#......#######....(####.#.#.#.##
######.## #.....# #.#....... #.#
#.....# #.##..#†## #.# #.....#
#......... ######.# #####.....#
#..#.#..## .......# #.........#
#.......#. ....#### #.####@.####
##.#....>. .##)# ..##.##.......#
#.###.... .##.# ......wrJK.##.#
##.## .##.# ..##..)......... ...#
###.# ................. #####
###.# .##....>......#.. ....#
#.#.##=#.##.# ##### ..... ..[..
.# ###.## #.#.## #


You could see a dart slug, an endoplasm, a kobold and a rat.

Vanquished Creatures
  2 dart slugs (D:1)
  3 bats (D:1)
  2 giant cockroaches (D:1)
  A hobgoblin (D:1)
  3 ball pythons (D:1)
  2 frilled lizards (D:1)
  2 kobolds (D:1)
15 creatures vanquished.

Notes
Turn   | Place    | Note
-------+----------+-------------------------------------------
     0 | D:1      | Dittersdorf the Gargoyle Fighter began the quest for the
                  | Orb.
     0 | D:1      | Reached XP level 1. HP: 14/14 MP: 1/1
   106 | D:1      | Reached XP level 2. HP: 13/19 MP: 2/2
   429 | D:1      | Killed from afar by a dart slug

Illustrated notes

Levels and vault maps discovered:
D:1:      mrwooster_arrival_statue_3, layout_loops_cross, minmay_tetromino_s2

Action                     || total
---------------------------++-------
  Melee: Flail             ||    43
 Armour: Scale mail        ||    43
  Dodge: Dodged            ||    10
  Block: Tower shield      ||    41

Table legend: (Time is in decaauts)
 A = Elapsed time spent in this place.
 B = Non-inter-level travel time spent in this place.
 C = Inter-level travel time spent in this place.
 D = Time resting spent in this place.
 E = Time spent auto-exploring this place.
 F = Levels seen in this place.
 G = Mean time per level.
                   A        B        C        D        E       F      G
               +--------+--------+--------+--------+--------+-----+--------+
         Total |    455 |    455 |      0 |      0 |    330 |   1 |  455.0 |
       Dungeon |    455 |    455 |      0 |      0 |    330 |   1 |  455.0 |
               +--------+--------+--------+--------+--------+-----+--------+

Top non-repeatable levels by time:
     D:1: 455 daAuts
